Map: Frost LE

Players

Minimonster - Winner!

  • Race: Terran Terran

blackxored

  • Race: Zerg Zerg
  • League: Platinum

VOD

Have the link to the VOD?

Description

Time

  • Played on: June 26, 2016, 4:51 p.m.
  • Length: 13:33
Show
View Real Time Build Order
Export as new Build Order

Minimonster Terran - Winner!

Build Orders: MMM Bio 

Get SALT Encoding   

  12  0:00  SCV  
  13  0:13  SCV  
  14  0:21  Supply Depot  
  14  0:25  SCV  
  15  0:43  SCV  
  15  0:45  Barracks  
  16  0:52  Refinery  
  16  0:55  SCV  
  17  1:07  SCV  
  18  1:21  SCV  
  20  1:34  Orbital Command  
  20  1:38  Reaper  
  20  1:43  Command Center  
  20  1:53  Supply Depot  
  20  2:01  SCV  
  21  2:10  Reaper  
  21  2:13  SCV  
  23  2:21  Barracks  
  23  2:25  SCV  
  24  2:34  Barracks  
  24  2:37  SCV  
  24  2:42  Reaper  
  24  2:53  SCV  
  25  3:03  Supply Depot  
  25  3:04  Bunker  
  25  3:05  SCV  
  26  3:08  Barracks Tech Lab  
  26  3:12  Supply Depot, Orbital Command  
  26  3:20  Reaper  
  26  3:25  SCV  
  26  3:31  Barracks Reactor  
  26  3:32  Marine  
  27  3:41  Supply Depot  
  27  3:43  SCV  
  28  3:50  Supply Depot, Combat Shields  
  28  3:55  Barracks Reactor  
  28  3:56  Marine  
  28  4:01  SCV x2  
  31  4:09  Bunker  
  31  4:13  SCV  
  31  4:14  Marine  
  32  4:18  SCV  
  32  4:21  Bunker  
  31  4:38  Marine x2, SCV  
  34  4:43  Marine x3  
  34  4:44  Orbital Command  
  37  4:47  Supply Depot  
  37  4:48  Supply Depot  
  37  4:50  SCV  
  38  4:53  Command Center  
  38  5:02  Marine x5  
  43  5:09  Stimpack  
  43  5:19  Marine x2  
  45  5:23  Marine x2  
  48  5:29  Orbital Command  
  48  5:38  Supply Depot  
  48  5:40  Supply Depot  
  46  5:53  Marine x3  
  46  5:54  SCV  
  46  5:57  Refinery  
  50  6:07  Marine x2  
  50  6:10  Marine  
  50  6:11  Orbital Command  
  53  6:17  SCV  
  53  6:18  Refinery  
  56  6:25  Marine, Marauder  
  56  6:27  Marine  
  58  6:33  Factory  
  58  6:34  Barracks  
  58  6:37  Engineering Bay  
  58  6:40  Marine x2  
  58  6:43  Marine  
  63  6:47  Marine, Marauder  
  63  6:52  SCV x2, Orbital Command  
  66  6:58  Marine  
  67  7:06  SCV  
  67  7:08  Marine x3, Marauder  
  55  7:39  Marine x5  
  55  7:40  Marauder  
  59  7:56  Marine x2  
  59  7:57  Marine x2  
  54  8:01  Marauder, Factory Reactor  
  54  8:02  Barracks Reactor  
  54  8:04  Starport, SCV  
  54  8:05  SCV  
  52  8:07  SCV  
  52  8:11  Bunker  
  53  8:14  Marine  
  53  8:15  Supply Depot x2  
  53  8:16  SCV  
  53  8:17  SCV  
  56  8:23  Marauder  
  56  8:28  Marine  
  56  8:33  Marine x3  
  59  8:39  Bunker  
  59  8:44  Marauder  
  59  8:45  Marine, Armory  
  59  8:46  Marine  
  63  8:50  Marine  
  63  8:52  SCV  
  63  8:55  SCV  
  66  8:56  SCV  
  66  8:58  Marine  
  68  9:05  Marauder, SCV  
  68  9:07  SCV  
  68  9:08  SCV  
  68  9:09  Terran Infantry Weapons Level 1  
  73  9:10  Engineering Bay, Marine  
  74  9:17  Medivac x2  
  74  9:20  Marine  
  74  9:21  SCV  
  74  9:23  SCV x2  
  82  9:33  SCV  
  82  9:37  Marine x3  
  82  9:38  Marine x2  
  88  9:39  Marauder  
  88  9:41  SCV  
  91  9:45  SCV  
  91  9:47  SCV  
  91  9:49  Refinery  
  91  9:50  Bunker, Terran Infantry Armor Level 1  
  93  10:01  Medivac x2  
  93  10:02  Marine x4  
  101  10:15  Marine x3  
  101  10:16  Factory Tech Lab  
  101  10:17  SCV  
  101  10:18  SCV  
  101  10:20  SCV  
  107  10:26  Supply Depot  
  107  10:31  Medivac  
  107  10:34  Marauder  
  110  10:40  Marine x4  
  110  10:41  Medivac, Siege Tank  
  119  10:55  Supply Depot, Marauder, SCV  
  120  10:57  Supply Depot, Refinery  
  120  11:05  Terran Infantry Weapons Level 2  
  120  11:10  Supply Depot  
  120  11:11  Barracks  
  120  11:12  Barracks  
  120  11:20  SCV  
  121  11:32  Marine x4  
  124  11:33  Marine, Marauder  
  124  11:34  Medivac x2  
  124  11:36  Thor  
  138  11:55  Marauder  
  138  11:59  Marine  
  141  12:16  Marauder  
  141  12:17  Marine  
  141  12:19  Thor  
  150  12:24  Marine  
  150  12:25  Marine x2  
  150  12:26  Medivac x2  
  151  12:37  Marauder  
  153  12:53  Marine  
  153  12:54  Marine x5  
  153  12:56  Barracks Tech Lab x2  
  159  12:59  Marauder  
  167  13:12  Marine x4  
  170  13:13  Marine  
Show
View Real Time Build Order
Export as new Build Order

blackxored Zerg 

Build Orders: Hatch First 

Get SALT Encoding   

  12  0:01  Drone  
  13  0:08  Drone  
  14  0:21  Overlord  
  14  0:22  Extractor  
  14  0:24  Drone  
  15  0:45  Drone x3  
  18  0:59  Hatchery  
  18  1:02  Drone  
  18  1:08  Drone  
  19  1:17  Extractor  
  18  1:20  Drone  
  18  1:24  Spawning Pool  
  18  1:28  Drone  
  19  1:39  Drone  
  20  1:51  Overlord  
  20  2:11  Queen  
  20  2:12  Queen  
  20  2:13  Zergling x6  
  27  2:24  Overlord  
  27  2:29  Drone  
  27  2:54  Zergling x12  
  33  2:59  Metabolic Boost  
  33  3:03  Hatchery  
  32  3:08  Pneumatized Carapace  
  31  3:30  Zergling x8  
  31  3:31  Zergling x4  
  35  3:47  Drone x5  
  35  4:24  Zergling x2  
  35  4:25  Zergling x22  
  44  4:48  Drone x6  
  44  4:50  Baneling Nest  
  48  5:09  Drone  
  48  5:23  Overlord  
  48  5:26  Drone  
  48  5:27  Overlord  
  48  5:28  Overlord x2  
  49  5:40  Queen x3  
  40  5:54  Drone x8  
  48  6:00  Drone  
  49  6:10  Zergling x4  
  49  6:11  Zergling x10  
  56  6:12  Zergling x2  
  57  6:28  Drone x7  
  64  6:40  Zergling x16  
  64  6:42  Baneling  
  64  6:43  Baneling x6  
  64  6:44  Baneling  
  64  6:45  Baneling x2  
  64  6:46  Baneling x2  
  72  6:48  Baneling x2  
  72  6:49  Baneling  
  72  6:50  Baneling  
  72  6:59  Zergling x2  
  72  7:00  Zergling x2  
  74  7:08  Overlord x3  
  74  7:19  Lair  
  74  7:20  Evolution Chamber  
  74  7:21  Drone  
  74  7:25  Evolution Chamber  
  68  7:30  Zergling x10  
  68  7:31  Zergling x14  
  65  7:39  Zergling x12  
  65  7:43  Zergling x2  
  69  7:51  Zergling x4  
  58  7:56  Zergling x2  
  58  7:57  Zergling x2  
  52  7:59  Zerg Melee Weapons Level 1, Zerg Ground Armor Level 1  
  52  8:03  Zergling x2  
  53  8:05  Drone  
  53  8:12  Drone x2  
  55  8:16  Drone  
  53  8:33  Zergling x14  
  55  8:38  Extractor, Drone x3  
  55  8:40  Drone x2  
  59  8:44  Baneling  
  59  8:45  Baneling x4  
  59  8:52  Drone x3  
  59  8:53  Hatchery  
  61  8:57  Baneling  
  61  8:58  Baneling  
  61  9:03  Drone x5  
  61  9:05  Queen  
  68  9:20  Zergling x4  
  68  9:22  Drone  
  68  9:23  Drone  
  72  9:39  Extractor  
  72  9:40  Drone x4  
  72  9:41  Extractor, Drone x2  
  72  9:45  Extractor  
  75  9:46  Zergling x6  
  75  9:47  Extractor  
  75  9:48  Baneling x3  
  75  9:49  Baneling x2  
  75  9:51  Baneling, Hatchery  
  75  9:52  Baneling  
  76  9:53  Baneling  
  75  10:06  Zergling x18  
  84  10:17  Zergling x14  
  84  10:20  Baneling x4  
  92  10:35  Zergling x2  
  92  10:36  Zergling x16  
  95  10:52  Zergling x16  
  95  10:54  Baneling x9  
  95  10:55  Baneling  
  100  11:05  Drone  
  100  11:06  Drone  
  100  11:08  Overlord x3  
  102  11:26  Drone x4  
  102  11:27  Drone x6  
  102  11:28  Drone  
  102  11:30  Drone  
  114  11:38  Centrifical Hooks  
  103  12:19  Spawning Pool  
  74  12:36  Drone x21  
  74  12:37  Drone x4  
  95  12:55  Hatchery  
  95  12:56  Zergling x2  
  95  12:57  Zergling x8  
  93  13:06  Baneling  
  93  13:07  Baneling x4  
  93  13:11  Hatchery  
Tags
 
Composition
MMM Bio
League
Platinum
Matchup
TvZ
Add a new tag
Caveats
  • Supply blocks, unpowered buildings, or Contaminate may cause inaccurate times.
  • Supply counts are checked every 10 seconds.